 Dungeon Crawl Stone Soup version 0.28-a0-1447-ga5a8893891 (webtiles) character file.

Game seed: 12113484855496330759

5670 croobank the Transmogrifier (level 10, -3/77 HPs)
             Began as a Yellow Draconian Transmuter on Jan 10, 2022.
             Slain by a wraith (17 damage)
             ... on level 9 of the Dungeon.
             The game lasted 00:40:41 (11427 turns).

croobank the Transmogrifier (DrTm)                 Turns: 11427, Time: 00:40:41

Health: -3/77      AC: 13    Str: 15    XL:     10   Next: 47%
Magic:  22/22      EV: 12    Int: 14    God:
Gold:   447        SH:  0    Dex: 13    Spells: 20/25 levels left

rFire   . . .      SeeInvis .   a - +6 quarterstaff (chaos)
rCold   + . .      Faith    .   (shield currently unavailable)
rNeg    . . .      Spirit   .   (armour unavailable)
rPois   .          Reflect  .   (helmet restricted)
rElec   .          Harm     .   v - +0 cloak
rCorr   +          Rampage  .   G - +0 pair of gloves
Will    +....      Clarity  +   (no boots)
Stlth   +.........              r - amulet of magic regeneration
HPRegen 0.22/turn               l - +4 ring of protection
MPRegen 0.58/turn               h - ring of willpower

@: about to teleport, slowed, very slow
A: spit acid, AC +7, unfitting armour, cold-blooded, acid resistance, clarity,
cold resistance 1, screaming 1
a: Breathe Acid


You were on level 9 of the Dungeon.
You visited 2 branches of the dungeon, and saw 10 of its levels.

You collected 537 gold pieces.
You spent 90 gold pieces at shops.

Inventory:

Hand Weapons
 a - a +6 quarterstaff of chaos (weapon)
 b - a +0 hand crossbow
 g - a +0 mace
 o - a +0 flail
 C - a +0 hunting sling
Missiles
 c - 314 stones
 d - 77 bolts
 j - 116 sling bullets
 k - 96 poisoned darts
 m - 141 arrows
 n - 7 boomerangs
Armour
 v - a +0 cloak (worn)
 G - a +0 pair of gloves (worn)
Magical Staves
 t - a staff of fire
Jewellery
 h - a ring of willpower (right hand)
 l - a +4 ring of protection (left hand)
 r - an amulet of magic regeneration (around neck)
Wands
 i - a wand of digging (11)
 y - a wand of paralysis (4)
 z - a wand of acid (10)
 D - a wand of iceblast (5)
Scrolls
 f - a scroll of summoning
 w - 2 scrolls of teleportation
 x - 2 scrolls of magic mapping
 A - a scroll of identify
 B - a scroll of immolation {unknown}
 E - 2 scrolls of noise
 F - a scroll of brand weapon {unknown}
Potions
 e - a potion of lignification
 p - a potion of mutation
 q - a potion of resistance {unknown}
 s - a potion of cancellation {unknown}
 u - 3 potions of heal wounds
 H - a potion of attraction {unknown}


   Skills:
 - Level 3.0 Fighting
 - Level 2.1(5.7) Maces & Flails
 + Level 8.4(8.5) Staves
 - Level 3.0 Dodging
 - Level 3.1 Unarmed Combat
 + Level 8.3 Spellcasting
 + Level 9.1 Transmutations


You had 20 spell levels left.
You knew the following spells:

 Your Spells              Type           Power      Damage    Failure   Level
a - Beastly Appendage     Tmut           62%        N/A       1%          1
b - Wereblood             Tmut           31%        N/A       1%          2
c - Searing Ray           Conj           10%        2d4       19%         2

Your spell library contained the following spells:

 Spells                   Type           Power      Damage    Failure   Level
 Spider Form              Tmut/Pois      18%        N/A       5%          3
 Magic Dart               Conj           20%        1d4       12%         1
 Ice Form                 Ice/Tmut       18%        N/A       19%         4
 Fulminant Prism          Conj/Hex       2%         3d6       77%         4


Dungeon Overview and Level Annotations

Branches:
Dungeon (9/15)             Temple (1/1) D:4             Orc (0/2) D:9
   Lair: D:8-11

Altars:
Ashenzari
Cheibriados
Dithmenos
Elyvilon
Fedhas
Gozag
Hepliaklqana
Kikubaaqudgha
Makhleb
Nemelex Xobeh
Okawaru
Qazlal
Ru
Trog
Uskayaw
Wu Jian
Xom
Yredelemnul
Zin
The Shining One

Shops:
D:5 [   D:6 *   D:8 [


Innate Abilities, Weirdness & Mutations

You can spit globs of acid.
Your golden yellow scales are hard. (AC +7)
You cannot fit into any form of body armour.
You are cold-blooded and may be slowed by cold attacks.
You are resistant to acid. (rCorr)
You possess an exceptional clarity of mind.
Your flesh is cold resistant. (rC+)
You occasionally shout uncontrollably at your foes.


Message History

a +0 dagger; an orc corpse
Found 19 gold pieces.
Found 13 gold pieces.
You see here 19 gold pieces.
You see here 19 gold pieces.
You now have 434 gold pieces (gained 19).
You see here 13 gold pieces.
You now have 447 gold pieces (gained 13).
Things that are here:
a +0 glaive; a +0 chain mail You hit the wraith but do no damage.
You tail-slap the wraith, but do no damage.
You hit the wraith but do no damage.
The wraith flickers and vanishes!
Something hits you but does no damage.
You miss something. You tail-slap something.
Something hits you but does no damage.
You hit something but do no damage. Something hits you!
You hit something but do no damage. Something hits you.
Something drains your vigour!
You feel yourself slow down.
You closely miss something. You tail-slap something.
Something hits you but does no damage.
You miss something.
Your tail-slap misses something.
Something hits you! Something drains your vigour!
You feel as though you will be slow longer.
Something hits you but does no damage.
You hit something. Something hits you. Something drains your vigour!
You feel as though you will be slow longer.
You sock something!
Nothing appears to happen.
Something hits you!
You sock something! You freeze something. Something hits you.
You barely miss something. Something hits you. Something drains your vigour!
You feel as though you will be slow longer.
Something hits you.
As you read the scroll of teleportation, it crumbles to dust.
You feel strangely unstable. Something hits you!
* * * LOW HITPOINT WARNING * * *
Something drains your vigour!
You feel as though you will be slow longer.
You hit something but do no damage.
Nothing appears to happen.
You tail-slap something. Something hits you!
You die...

...........................#
####################.######
#.###.###8###.## #.#
...#...#...#...## #.#
................## #.#
.................# #.#
...........)...).# #.#
...#...#...#...#{# #.#
#8###.###8###8##@###.#######
### ### ### ####)..........#
#.######.####### #.# #.# #.#
#.# #.# #.# #.# #.#
......#######.######.#######
...........................#


There were no monsters in sight!

Vanquished Creatures
  An ugly thing (D:8)
  A kobold demonologist (D:5)
  Prince Ribbit (D:7)
  Eustachio (D:4)
  2 wyverns (D:9)
  2 steam dragons
  An acid dragon (D:8)
  2 water moccasins
  A sky beast (D:6)
  A black bear (D:3)
  5 orc warriors
  3 ice beasts
  2 ogres
  3 centaurs
  3 phantoms
  4 bullfrogs
  4 kobold brigands
  A scorpion (D:4)
  A gnoll sergeant (D:6)
  A water moccasin skeleton (D:6)
  5 killer bees (D:8)
  3 wights (D:6)
  2 howler monkeys
  4 centaur zombies
  A bullfrog zombie (D:5)
  A hound (D:6)
  2 jellies
  2 bullfrog skeletons
  A gnoll shaman (D:6)
  3 iguanas
  Crazy Yiuf (D:2)
  Jessica (D:3)
  7 orc wizards
  2 hound skeletons
  Robin (D:2)
  11 gnolls
  12 adders
  A shadow imp (D:5)
  2 ufetubi
  An adder skeleton (D:4)
  4 dart slugs
  28 orcs
  4 bats
  6 endoplasms
  7 giant cockroaches
  14 goblins
  13 hobgoblins
  11 jackals
  A quokka (D:1)
  7 ball pythons
  6 frilled lizards
  14 kobolds
  5 rats
223 creatures vanquished.

Vanquished Creatures (others)
  An adder (D:4)
  A withered plant (D:6)
2 creatures vanquished.

Grand Total: 225 creatures vanquished

Notes
Turn   | Place    | Note
-------+----------+-------------------------------------------
     0 | D:1      | croobank the Draconian Transmuter began the quest for the
                  | Orb.
     0 | D:1      | Reached XP level 1. HP: 16/16 MP: 3/3
   361 | D:1      | Reached XP level 2. HP: 21/23 MP: 3/5
   402 | D:1      | Learned a level 2 spell: Wereblood
   558 | D:1      | Found a faded altar of an unknown god.
  1469 | D:2      | Reached XP level 3. HP: 29/29 MP: 3/6
  1479 | D:2      | Noticed Robin
  1488 | D:2      | Killed Robin
  1578 | D:2      | Reached skill level 1 in Maces & Flails
  1686 | D:2      | Reached XP level 4. HP: 32/36 MP: 5/7
  2008 | D:2      | Reached XP level 5. HP: 12/42 MP: 7/9
  2383 | D:2      | Noticed a phantom
  2397 | D:2      | Killed a phantom
  2398 | D:2      | Reached skill level 3 in Transmutations
  2708 | D:2      | Found a runed translucent door.
  2709 | D:2      | Noticed Crazy Yiuf
  2721 | D:2      | Killed Crazy Yiuf
  3272 | D:3      | Reached XP level 6. HP: 51/51 MP: 6/10
  3497 | D:3      | Noticed Jessica
  3504 | D:3      | Killed Jessica
  3533 | D:3      | Reached skill level 1 in Staves
  3926 | D:4      | Found a staircase to the Ecumenical Temple.
  3935 | D:4      | Reached skill level 4 in Transmutations
  3993 | Temple   | Entered the Ecumenical Temple
  4421 | D:4      | Found a glowing silver altar of Zin.
  4421 | D:4      | Noticed an angel
  4487 | D:4      | Your scales start taking on a golden yellow colour.
  4487 | D:4      | Reached XP level 7. HP: 57/57 MP: 10/12
  4487 | D:4      | Gained mutation: You are resistant to acid. (rCorr) [Yellow
                  | Draconian growth]
  4578 | D:4      | Noticed Eustachio
  4595 | D:4      | Killed Eustachio
  5119 | D:5      | Entered Level 5 of the Dungeon
  5352 | D:5      | Reached skill level 5 in Transmutations
  5421 | D:5      | Noticed a kobold demonologist
  5480 | D:5      | Noticed a neqoxec
  5481 | D:5      | Killed a kobold demonologist
  5482 | D:5      | Reached skill level 5 in Spellcasting
  5482 | D:5      | Reached XP level 8. HP: 38/63 MP: 15/15
  5673 | D:5      | Found Linil's Antique Armour Boutique.
  5681 | D:5      | Reached skill level 6 in Transmutations
  5877 | D:5      | Reached skill level 5 in Staves
  6242 | D:6      | Found Seikenna's General Store.
  6444 | D:6      | Found an ancient bone altar of Kikubaaqudgha.
  6464 | D:6      | Reached XP level 9. HP: 66/69 MP: 18/18
  6646 | D:6      | Reached skill level 7 in Transmutations
  7631 | D:7      | Noticed Prince Ribbit
  7641 | D:7      | Killed Prince Ribbit
  8198 | D:7      | Gained mutation: You possess an exceptional clarity of
                  | mind. [potion of mutation]
  8198 | D:7      | Gained mutation: You occasionally shout uncontrollably at
                  | your foes. [potion of mutation]
  8198 | D:7      | Gained mutation: Your flesh is cold resistant. (rC+)
                  | [potion of mutation]
  8396 | D:7      | Identified the +0 hunting sling of Fixation {vorpal, rN+
                  | Dex+3}
  8966 | D:8      | Reached skill level 8 in Transmutations
  9314 | D:8      | Reached XP level 10. HP: 36/77 MP: 21/21
  9700 | D:8      | Found Xoeloss's Antique Armour Shoppe.
  9715 | D:8      | Bought a pair of gloves for 90 gold pieces
 10324 | D:9      | Noticed a red ugly thing
 10336 | D:8      | Killed a red ugly thing
 10826 | D:9      | Learned a level 2 spell: Searing Ray
 10976 | D:9      | Reached skill level 9 in Transmutations
 11018 | D:9      | Found a staircase to the Orcish Mines.
 11427 | D:9      | Slain by a wraith

Illustrated notes

Levels and vault maps discovered:
D:1:      saegor_arrival_simple_a, layout_basic,
          hellmonk_ecumenical_altar_dog_temple, corexii_leaking_fountain,
          chequers_arboretum, minmay_misc_feat_cross, minmay_hexomino_u4
D:2:      layout_basic, uniq_robin, uniq_crazy_yiuf_cottage
D:3:      wad_pebble_path, layout_basic, kennysheep_flooded_box, nrook_campfire,
          minmay_misc_feat_diagonals, minmay_cupped, uniq_jessica
D:4:      layout_loops_ring, zin_angel, minmay_temple_entry_glass,
          minmay_quadrilaterals, uniq_eustachio
D:5:      layout_cave_pools, serial_rivers, chequers_serial_rivers_micro_e,
          chequers_serial_rivers_micro_c, chequers_serial_rivers_large_a,
          chequers_serial_rivers_micro_e, chequers_serial_rivers_micro_a,
          serial_shops, shop_coins
D:6:      layout_basic, kiku_gazebo_garden_becter, serial_shops,
          nicolae_shop_hallway_plus
D:7:      layout_layer_cave, uniq_prince_ribbit1
D:8:      layout_loops_corners, serial_shops, nicolae_shop_statue_plus,
          minmay_diced_spiral
D:9:      layout_small_grid, lemuel_tele_altar, david_orc_4,
          minmay_stone_trees_medium, chequers_jeans, kennysheep_path_1
Temple:   hc_temple_tempest_star

Skill      XL: |  1  2  3  4  5  6  7  8  9 10 |
---------------+-------------------------------+-----
Dodging        | 2 3 |  3.0
Fighting       | 2 3 |  3.0
Maces & Flails | 1 2 |  2.1
Spellcasting   | 3 5 6 7 8 |  8.3
Transmutations | 3 4 5 6 8 9 |  9.1
Staves         | 2 4 5 7 8 |  8.4
Unarmed Combat | |  3.1

Action                   |  1- 3 |  4- 6 |  7- 9 | 10-12 || total
-------------------------+-------+-------+-------+-------++-------
Melee: Dagger            |    38 |       |       |       ||    38
       Tailslap          |    13 |    21 |    33 |    18 ||    85
       Kick              |    13 |    17 |    54 |     9 ||    93
       Unarmed           |     1 |       |       |       ||     1
       Mace              |    68 |    75 |       |       ||   143
       Headbutt          |     6 |    13 |    30 |    10 ||    59
       Punch             |     1 |       |       |       ||     1
       Quarterstaff      |       |    69 |   246 |   105 ||   420
 Fire: Hand crossbow     |       |       |    12 |       ||    12
 Cast: Beastly Appendage |    18 |    31 |    31 |     7 ||    87
       Wereblood         |     2 |     6 |    11 |     2 ||    21
       Searing Ray       |       |       |       |     1 ||     1
 Abil: Breathe Acid      |       |       |     1 |     2 ||     3
  Use: Potion            |     1 |     3 |     1 |       ||     5
       Scroll            |       |     4 |     4 |     5 ||    13
 Stab: Sleeping          |     1 |     3 |       |       ||     4
       Confused          |       |       |       |     3 ||     3
Armor: Skin              |    41 |    68 |   169 |    53 ||   331
Dodge: Dodged            |    90 |   132 |   181 |    71 ||   474

Table legend: (Time is in decaauts)
 A = Elapsed time spent in this place.
 B = Non-inter-level travel time spent in this place.
 C = Inter-level travel time spent in this place.
 D = Time resting spent in this place.
 E = Time spent auto-exploring this place.
 F = Levels seen in this place.
 G = Mean time per level.
                   A        B        C        D        E       F      G
               +--------+--------+--------+--------+--------+-----+--------+
         Total |  11528 |  11344 |    184 |   2248 |   6677 |  10 | 1152.8 |
       Dungeon |  11277 |  11106 |    171 |   2248 |   6503 |   9 | 1253.0 |
        Temple |    250 |    237 |     13 |      0 |    174 |   1 |  250.0 |
               +--------+--------+--------+--------+--------+-----+--------+

Top non-repeatable levels by time:
     D:8: 1819 daAuts
     D:2: 1564 daAuts
     D:7: 1519 daAuts
     D:1: 1462 daAuts
     D:6: 1191 daAuts
     D:5: 1138 daAuts
     D:4: 956 daAuts
     D:3: 955 daAuts
     D:9: 669 daAuts
  Temple: 250 daAuts
